 Dungeon Crawl Stone Soup version 0.28-a0-622-gbaef9634d7 (webtiles) character file.

Game seed: 7775825396238226089

1899 Irenicus the Geomancer (level 8, 25/62 HPs)
             Began as a Deep Dwarf Earth Elementalist on Oct 7, 2021.
             Quit the game in the Ecumenical Temple.
             The game lasted 00:27:20 (3425 turns).

Irenicus the Geomancer (DDEE)                       Turns: 3425, Time: 00:27:21

Health: 25/62      AC:  7    Str: 15    XL:     8   Next: 93%
Magic:  14/14      EV: 12    Int: 17    God:
Gold:   275        SH:  0    Dex: 13    Spells: 10/16 levels left

rFire   + . .      SeeInvis .   y - +4 quick blade
rCold   . . .      Faith    .   (no shield)
rNeg    . . .      Spirit   .   q - +0 leather armour
rPois   +          Reflect  .   b - +1 helmet
rElec   .          Harm     .   m - +0 cloak
rCorr   .          Rampage  .   d - +0 pair of gloves
Will    +....                   (no boots)
Stlth   ++........              (no amulet)
HPRegen 0.00/turn               F - ring of protection from fire
MPRegen 0.14/turn               P - ring of poison resistance

@: no status effects
A: damage resistance, heal wounds, sense surroundings 1, no regeneration, strong
1, wild magic 1
a: Heal Wounds


You were in the Ecumenical Temple.
You visited 2 branches of the dungeon, and saw 7 of its levels.
You also visited: Sewer.

You collected 391 gold pieces.
You spent 116 gold pieces at shops.


Innate Abilities, Weirdness & Mutations

You are resistant to damage.
You can heal yourself by infusing magical energy.
You passively map a small area around you.
You do not regenerate.
Your muscles are strong. (Str +2)
Your spells are a little harder to cast, but a little more powerful.


   Skills:
 - Level 2.1 Dodging
 - Level 2.4 Stealth
 + Level 4.9 Spellcasting
 - Level 0.8 Transmutations
 + Level 13.7 Earth Magic


You had 10 spell levels left.
You knew the following spells:

 Your Spells              Type           Power      Damage    Failure   Level
t - Stone Arrow           Conj/Erth      70%        3d11      5%          3
w - Passwall              Tmut/Erth      30%        N/A       2%          2
z - Sandblast             Erth           100%       2d20      1%          1

Your spell library contained the following spells:

 Spells                   Type           Power      Damage    Failure   Level
 Petrify                  Tmut/Erth      37%        N/A       13%         4
 Magic Dart               Conj           20%        1d4       26%         1
 Call Imp                 Summ           5%         N/A       34%         2
 Ensorcelled Hibernation  Hex/Ice        10%        N/A       34%         2
 Sublimation of Blood     Necr           2%         N/A       34%         2
 Spider Form              Tmut/Pois      3%         N/A       50%         3
 Gell's Gravitas          Tloc           2%         N/A       56%         3
 Inner Flame              Hex/Fire       5%         N/A       56%         3
 Mephitic Cloud           Conj/Pois/Air  5%         N/A       56%         3
 Teleport Other           Tloc           5%         N/A       56%         3
 Cause Fear               Hex            2%         N/A       91%         4
 Irradiate                Conj/Tmut      3%         3d14      99%         5
 Dispersal                Tloc           2%         N/A       100%        6
 Discord                  Hex            2%         N/A       100%        8

Inventory:

Hand Weapons
 a - a +0 short sword
 l - a +2 long sword of holy wrath
 n - a +4 quarterstaff of chaos
 y - a +4 quick blade (weapon)
Missiles
 j - 10 poisoned darts
 o - 92 stones
Armour
 b - a +1 helmet (worn)
 d - a +0 pair of gloves (worn)
 m - a +0 cloak (worn)
 q - a +0 leather armour (worn)
 w - a +0 buckler
Magical Staves
 g - a staff of death {!a}
Jewellery
 f - a ring of fire
 F - a ring of protection from fire (left hand)
 P - a ring of poison resistance (right hand)
 W - a ring of willpower
Wands
 D - a wand of flame (16)
Scrolls
 c - a scroll of identify {@r1}
 k - 2 scrolls of teleportation {unknown}
 s - 2 scrolls of fear {unknown}
 t - 3 scrolls of blinking
 u - 2 scrolls of magic mapping {unknown}
 x - 4 scrolls of enchant weapon {unknown}
Potions
 e - 2 potions of magic
 h - 2 potions of might
 i - 3 potions of mutation
 p - 2 potions of haste {@q3}
 r - 3 potions of lignification
 v - a potion of cancellation
 z - a potion of invisibility
 A - 2 potions of curing {@q1}
 B - a potion of attraction
 C - a potion of brilliance

Dungeon Overview and Level Annotations

Branches:
Dungeon (6/15)             Temple (1/1) D:6           Sewer (visited)

Altars:
Ashenzari
Dithmenos
Elyvilon
Fedhas
Kikubaaqudgha
Nemelex Xobeh
Qazlal
Ru
Sif Muna
Trog
Uskayaw
Vehumet
Wu Jian
Xom
Yredelemnul

Shops:
D:1 * D:2

?
▒▒▒▒▒▒▒▒▒▒▒▒▒▒▒▒▒▒▒▒▒▒▒▒
≈≈≈≈≈≈≈≈≈≈≈≈≈≈≈≈≈≈≈≈≈≈≈≈
*≈≈≈≈≈≈≈≈≈≈≈≈............
≈≈≈≈≈≈≈≈................
*≈≈≈≈≈...................
≈≈≈......⚑..............
≈≈≈.............⚑.......
≈≈.....@................
≈≈......................
≈≈...⚑......⚑...........
≈≈......................
≈≈......................
≈≈≈.............⚑.......
≈≈≈......⚑..............
≈≈≈≈≈...................
≈≈≈≈≈≈................


There were no monsters in sight!


Message History

Found a staircase to the Ecumenical Temple.
You see here a +0 chain mail.
D - a wand of flame (16)
Found a robe.
You see here a +0 robe.
You now have 275 gold pieces (gained 12).
Things that are here:
a +2 vorpal war axe; a +0 plate armour An adder comes into view.
The adder moves out of view.
Things that are here:
a +2 vorpal war axe; a +0 plate armour
(D) Dungeon (T) Temple
Where to? (Enter - D:6, ? - help)
You see here a +0 plate armour.
There is a staircase to the Ecumenical Temple here.
You climb downwards.
Welcome to the Ecumenical Temple!
Found a sparkling altar of Nemelex Xobeh.
There is a staircase back to the Dungeon here.
Unknown command.
Found an ornate altar of the Wu Jian Council and a stormy altar of Qazlal.
Found a sacrificial altar of Ru.
Found a basalt altar of Yredelemnul and a radiant altar of Vehumet.
Found a shadowy altar of Dithmenos.
Found a hide-covered altar of Uskayaw.
Found an ancient bone altar of Kikubaaqudgha.
Found a shimmering blue altar of Sif Muna.
Found a white marble altar of Elyvilon and a bloodstained altar of Trog.
Found a shimmering altar of Xom.
Are you sure you want to abandon this character and quit the game? (Confirm with "yes".)

Skill      XL: |  1  2  3  4  5  6  7  8 |
---------------+-------------------------+-----
Earth Magic    | 5 6 8 9 10 12 13 | 13.7
Spellcasting   | 2 4 |  4.9
Dodging        | |  2.1
Stealth        | |  2.4
Transmutations | |  0.8

Action                   |  1- 3 |  4- 6 |  7- 9 || total
-------------------------+-------+-------+-------++-------
Melee: Short sword       |     9 |       |       ||     9
       Long sword        |     7 |     8 |       ||    15
       Quarterstaff      |       |    20 |   140 ||   160
       Quick blade       |       |       |     8 ||     8
Throw: Dart              |       |     1 |     8 ||     9
       Throwing net      |       |     1 |       ||     1
 Cast: Sandblast         |    40 |    42 |    29 ||   111
       Passwall          |       |     5 |     7 ||    12
       Stone Arrow       |       |       |    39 ||    39
 Abil: Heal Wounds       |       |     1 |     3 ||     4
  Use: Scroll            |     1 |       |    12 ||    13
       Potion            |       |     2 |     4 ||     6
 Stab: Sleeping          |     1 |     1 |     3 ||     5
       Invisible         |       |       |     2 ||     2
Armor: Robe              |     5 |     6 |       ||    11
       Leather armour    |       |       |    64 ||    64
Dodge: Dodged            |    14 |    19 |   119 ||   152

Levels and vault maps discovered:
D:1:      minmay_arrival_four_loops, layout_basic,
          dreamdust_ecumenical_altar_angels_and_demons, serial_shops,
          nicolae_shop_statue_plus, chequers_serial_rivers_room_b
D:2:      layout_rooms, serial_shops, nicolae_shop_behind_doors,
          guppyfry_early_lair_pool, uniq_crazy_yiuf_cottage
D:3:      layout_basic, fedhas_ov_isle_minmay
D:4:      layout_rooms, gup_sewer_entry_spiral, uniq_duvessa, uniq_menkaure,
          uniq_robin
D:5:      layout_basic, minivault_26, uniq_prince_ribbit1, uniq_eustachio
D:6:      layout_cave_pools, lemuel_doored_altar,
          minmay_temple_entry_sparse_star
Temple:   dshaligram_water_room_temple

Notes
Turn   | Place    | Note
-------+----------+-------------------------------------------
     0 | D:1      | Irenicus the Deep Dwarf Earth Elementalist began the quest
                  | for the Orb.
     0 | D:1      | Reached XP level 1. HP: 15/15 MP: 3/3
    26 | D:1      | Found a faded altar of an unknown god.
   226 | D:1      | Found Cuigg's Assorted Antiques.
   231 | D:1      | Reached XP level 2. HP: 22/22 MP: 1/4
   237 | D:1      | Bought a smoky orange potion for 28 gold pieces
   250 | D:1      | Reached skill level 5 in Earth Magic
   542 | D:2      | Found Saoroom's Magic Scroll Shop.
   549 | D:2      | You fall into a shaft and drop 1 floor!
   573 | D:2      | Reached XP level 3. HP: 28/28 MP: 0/5
   691 | D:2      | Found a runed translucent door.
   692 | D:2      | Noticed Crazy Yiuf
   697 | D:2      | Killed Crazy Yiuf
   698 | D:2      | Reached skill level 6 in Earth Magic
   752 | D:2      | Reached XP level 4. HP: 36/36 MP: 2/6
   908 | D:3      | Found a blossoming altar of Fedhas.
   942 | D:3      | Reached skill level 7 in Earth Magic
  1008 | D:3      | Learned a level 2 spell: Passwall
  1251 | D:4      | Noticed Duvessa
  1251 | D:4      | Noticed Dowan
  1251 | D:4      | Noticed an ogre
  1271 | D:4      | Learned a level 3 spell: Stone Arrow
  1293 | D:4      | Killed an ogre
  1294 | D:4      | Reached skill level 8 in Earth Magic
  1294 | D:4      | Reached XP level 5. HP: 28/42 MP: 0/7
  1323 | D:4      | Noticed Menkaure
  1335 | D:4      | Killed Menkaure
  1336 | D:4      | Reached skill level 9 in Earth Magic
  1336 | D:4      | Reached XP level 6. HP: 11/49 MP: 1/8
  1350 | D:4      | Reached skill level 10 in Earth Magic
  1464 | D:4      | Gained mutation: Your muscles are strong. (Str +2) [potion
                  | of mutation]
  1464 | D:4      | Gained mutation: Your spells are a little harder to cast,
                  | but a little more powerful. [potion of mutation]
  1466 | D:4      | Killed Dowan
  1470 | D:4      | Killed Duvessa
  1471 | D:4      | Reached XP level 7. HP: 25/55 MP: 4/9
  1495 | D:4      | Noticed Robin
  1512 | D:4      | Killed Robin
  1573 | D:4      | Reached skill level 11 in Earth Magic
  1582 | D:4      | Found a glowing drain.
  1586 | Sewer    | Entered a sewer
  2064 | D:1      | Bought a scroll labelled XIRROD RIEGIBE for 32 gold pieces
  2064 | D:1      | Bought a coppery potion for 28 gold pieces
  2064 | D:1      | Bought a fizzy coppery potion for 28 gold pieces
  2205 | D:5      | Entered Level 5 of the Dungeon
  2224 | D:5      | Noticed Eustachio
  2257 | D:5      | Reached skill level 2 in Spellcasting
  2257 | D:5      | Reached skill level 12 in Earth Magic
  2385 | D:5      | Killed Eustachio
  2386 | D:5      | Reached XP level 8. HP: 27/62 MP: 0/12
  2500 | D:5      | Reached skill level 3 in Spellcasting
  2509 | D:5      | HP: 6/62 [orc (4)]
  2914 | D:6      | HP: 6/62 [ice beast (4)]
  2916 | D:6      | Reached skill level 13 in Earth Magic
  2943 | D:6      | Reached skill level 4 in Spellcasting
  2970 | D:6      | Found a broken altar of Ashenzari.
  3031 | D:6      | Identified a scroll of acquirement
  3031 | D:6      | Acquired a +4 quick blade
  3039 | D:6      | HP: 4/62 [orc (3)]
  3082 | D:6      | HP: 2/62 [scorpion (5)]
  3329 | D:6      | Found a staircase to the Ecumenical Temple.
  3373 | Temple   | Entered the Ecumenical Temple
  3425 | Temple   | Quit the game

Vanquished Creatures
  Eustachio (D:5)
  Menkaure (D:4)
  An ice beast (D:6)
  An orc warrior (D:6)
  Duvessa (D:4)
  A black bear (D:4)
  4 ogres
  A centaur (D:6)
  A bullfrog (D:6)
  A scorpion (D:6)
  Dowan (D:4)
  A howler monkey (D:6)
  2 bullfrog zombies
  3 hounds (D:5)
  A jelly (D:5)
  An orc priest (D:6)
  Crazy Yiuf (D:2)
  A bullfrog skeleton (D:5)
  A scorpion zombie (D:5)
  2 iguanas
  An orc wizard (D:6)
  Robin (D:4)
  10 adders
  A river rat (D:4)
  An ufetubus (D:4)
  An adder skeleton (D:4)
  6 dart slugs
  4 worms
  17 orcs
  2 ball pythons
  5 bats
  7 endoplasms
  4 giant cockroaches
  6 goblins
  10 hobgoblins
  13 jackals
  4 quokkas
  9 frilled lizards
  12 kobolds
  A quokka skeleton (D:3)
  8 rats
150 creatures vanquished.

Vanquished Creatures (others)
  13 plants
13 creatures vanquished.

Grand Total: 163 creatures vanquished

Table legend: (Time is in decaauts)
 A = Elapsed time spent in this place.
 B = Non-inter-level travel time spent in this place.
 C = Inter-level travel time spent in this place.
 D = Time resting spent in this place.
 E = Time spent auto-exploring this place.
 F = Levels seen in this place.
 G = Mean time per level.
                   A        B        C        D        E       F      G
               +--------+--------+--------+--------+--------+-----+--------+
         Total |   3594 |   3471 |    123 |      0 |    364 |   8 |  449.2 |
       Dungeon |   3107 |   2985 |    122 |      0 |    349 |   6 |  517.8 |
        Temple |     51 |     51 |      0 |      0 |     15 |   1 |   51.0 |
         Sewer |    435 |    435 |      0 |      0 |      0 |   1 |  435.0 |
               +--------+--------+--------+--------+--------+-----+--------+

Top non-repeatable levels by time:
     D:5: 687 daAuts
     D:4: 574 daAuts
     D:1: 547 daAuts
     D:6: 492 daAuts
   Sewer: 435 daAuts
     D:2: 411 daAuts
     D:3: 394 daAuts
  Temple: 51 daAuts

Table legend:
 A = Non-vault XP
 B = Vault XP
 C = Vault XP percentage of total XP
 D = Non-vault monster count
 E = Vault monster count
 F = Vault count percentage of total count
                 A         B        C        D         E       F
            +---------+---------+-------+---------+---------+-------
      Total |    1980 |     733 |  27.0 |     108 |      42 |  28.0
            +---------+---------+-------+---------+---------+-------
        D:1 |      32 |       0 |   0.0 |      18 |       0 |   0.0
        D:2 |      50 |      39 |  43.8 |      23 |       1 |   4.2
        D:3 |      40 |       0 |   0.0 |      12 |       0 |   0.0
        D:4 |     451 |     431 |  48.9 |      21 |      17 |  44.7
        D:5 |     586 |     191 |  24.6 |      19 |       1 |   5.0
        D:6 |     821 |       0 |   0.0 |      15 |       0 |   0.0
      Sewer |       0 |      72 | 100.0 |       0 |      23 | 100.0
            +---------+---------+-------+---------+---------+-------
